Map: [ESL] Hard Lead

Players

Fjant

  • Race: Zerg Zerg
  • League: Grandmaster
  • Spawn Location: 5:00

DnS - Winner!

  • Race: Protoss Protoss
  • Spawn Location: 11:00

Event: HomeStory Cup XXIV

VOD

Have the link to the VOD?

Description

Time

  • Played on: Dec. 1, 2023, 8:06 a.m.
  • Length: 8:47

All games in this series

Show
View Real Time Build Order
Export as new Build Order

Fjant Zerg 

Build Orders: Hatch First 

Get SALT Encoding   

  12  0:00  Drone  
  13  0:14  Overlord  
  13  0:19  Drone  
  14  0:33  Drone x2  
  16  0:47  Hatchery  
  15  0:51  Drone  
  15  0:54  Drone  
  17  0:57  Drone  
  18  1:08  Extractor  
  17  1:13  Spawning Pool  
  17  1:16  Drone  
  17  1:20  Drone  
  18  1:29  Drone  
  19  1:40  Drone  
  20  1:50  Drone  
  21  1:59  Queen  
  21  2:00  Drone, Queen  
  26  2:02  Zergling x2  
  27  2:09  Drone  
  27  2:12  Overlord  
  27  2:15  Metabolic Boost  
  28  2:28  Hatchery  
  27  2:30  Drone  
  27  2:33  Drone  
  27  2:36  Drone  
  30  2:42  Zergling x2  
  31  2:45  Drone  
  31  2:46  Overlord  
  31  2:50  Queen  
  34  2:57  Queen  
  36  3:08  Drone  
  36  3:11  Overlord  
  36  3:12  Drone x4  
  40  3:23  Drone  
  39  3:30  Drone  
  39  3:32  Drone x2, Evolution Chamber  
  39  3:33  Spore Crawler  
  40  3:37  Zergling x4  
  40  3:39  Queen  
  44  3:41  Drone  
  44  3:42  Drone  
  44  3:43  Drone  
  44  3:47  Drone  
  44  3:48  Drone x2  
  50  3:59  Zerg Melee Weapons Level 1  
  50  4:01  Drone  
  50  4:06  Overlord x2  
  50  4:14  Spore Crawler  
  50  4:15  Overlord  
  49  4:17  Drone  
  49  4:20  Overlord  
  50  4:26  Drone x7  
  57  4:31  Spore Crawler  
  57  4:32  Drone x4  
  57  4:35  Overlord  
  60  4:39  Zergling x2  
  58  4:55  Drone x9  
  65  5:01  Overlord  
  65  5:06  Drone x2  
  67  5:09  Drone  
  67  5:12  Hatchery  
  67  5:13  Overlord  
  68  5:14  Drone x2  
  68  5:19  Drone x3  
  71  5:23  Drone x2  
  71  5:29  Extractor, Lair  
  71  5:30  Roach Warren  
  71  5:31  Drone x2  
  71  5:32  Extractor  
  71  5:34  Queen  
  72  5:36  Drone  
  72  5:37  Drone  
  72  5:39  Drone x2  
  72  5:41  Overlord  
  72  5:42  Drone  
  77  5:45  Drone  
  77  5:48  Drone, Baneling Nest  
  78  5:53  Zergling x8  
  78  5:54  Zergling x2  
  83  6:05  Zergling x6, Spore Crawler  
  83  6:08  Zergling x12  
  91  6:20  Zergling x12  
  96  6:28  Zergling x6  
  97  6:36  Drone x6  
  102  6:43  Baneling x9  
  102  6:46  Zergling x12  
  108  6:49  Glial Reconstitution  
  108  6:50  Centrifugal Hooks  
  108  6:53  Zergling x4  
  109  6:54  Queen  
  109  6:56  Zergling x2  
  109  7:00  Overlord  
  106  7:12  Zergling x18  
  103  7:18  Zergling x4, Queen x2  
  103  7:28  Roach x9  
  112  7:30  Overlord  
  112  7:31  Zergling x2  
  112  7:35  Overlord x4  
  111  7:37  Overlord  
  109  7:46  Overlord  
  109  7:55  Roach x6  
  110  8:01  Zergling x2  
  110  8:02  Zergling x4, Hatchery  
  110  8:03  Zergling x6  
  110  8:09  Zergling x2  
  106  8:13  Roach  
  106  8:14  Roach  
  104  8:22  Roach  
  104  8:23  Roach x4  
  112  8:28  Hatchery  
Show
View Real Time Build Order
Export as new Build Order

DnS Protoss - Winner!

Build Orders: 1 Gate Expand, Oracle Opening 

Get SALT Encoding   

  12  0:00  Probe  
  13  0:12  Probe  
  14  0:17  Pylon  
  14  0:24  Probe  
  15  0:28  Assimilator  
  15  0:36  Probe (Chrono Boost)  
  16  0:43  Gateway  
  16  0:46  Probe (Chrono Boost)  
  17  0:53  Probe  
  18  1:05  Probe  
  19  1:17  Probe  
  20  1:24  Nexus  
  20  1:32  Cybernetics Core  
  20  1:35  Probe  
  21  1:41  Assimilator  
  21  1:47  Probe  
  21  1:50  Pylon  
  22  1:59  Probe (Chrono Boost)  
  23  2:05  Adept (Chrono Boost)  
  23  2:11  Probe (Chrono Boost)  
  23  2:14  Stargate  
  26  2:17  Probe (Chrono Boost)  
  26  2:22  Warp Gate  
  27  2:27  Probe (Chrono Boost)  
  30  2:30  Stalker  
  30  2:36  Probe (Chrono Boost)  
  31  2:44  Probe (Chrono Boost)  
  32  2:45  Probe (Chrono Boost)  
  32  2:50  Probe x2 (Chrono Boost)  
  34  2:58  Oracle (Chrono Boost)  
  38  3:02  Probe x2  
  38  3:03  Adept  
  42  3:14  Probe  
  42  3:17  Probe  
  42  3:19  Pylon  
  44  3:26  Probe  
  43  3:29  Probe  
  44  3:34  Gateway, Oracle (Chrono Boost)  
  44  3:38  Probe  
  48  3:52  Nexus, Pylon, Probe  
  49  3:58  Probe  
  50  4:03  Oracle (Chrono Boost)  
  50  4:06  Probe  
  50  4:09  Pylon  
  54  4:10  Assimilator, Probe  
  54  4:12  Assimilator  
  55  4:19  Probe  
  55  4:22  Twilight Council  
  55  4:23  Probe  
  57  4:28  Forge  
  57  4:31  Probe  
  58  4:32  Adept  
  58  4:38  Probe  
  61  4:43  Probe  
  62  4:50  Probe  
  63  4:53  Gateway  
  63  4:55  Gateway  
  63  4:56  Probe  
  63  4:59  Blink (Chrono Boost)  
  64  5:01  Gateway  
  64  5:03  Gateway  
  64  5:04  Protoss Ground Weapons Level 1, Probe (Chrono Boost)  
  65  5:07  Probe (Chrono Boost)  
  67  5:16  Probe x2 (Chrono Boost)  
  67  5:18  Probe (Chrono Boost)  
  67  5:19  Stalker  
  67  5:21  Probe (Chrono Boost)  
  70  5:22  Probe (Chrono Boost)  
  70  5:24  Probe (Chrono Boost)  
  70  5:33  Probe (Chrono Boost)  
  73  5:35  Stalker  
  73  5:36  Probe (Chrono Boost)  
  73  5:39  Shield Battery  
  73  5:40  Probe (Chrono Boost)  
  73  5:41  Probe (Chrono Boost)  
  73  5:42  Forge  
  76  5:43  Pylon  
  76  5:44  Probe (Chrono Boost)  
  76  5:46  Probe  
  76  5:48  Probe  
  76  5:49  Stalker x2  
  83  5:55  Probe  
  83  5:56  Pylon  
  84  5:59  Pylon, Probe  
  84  6:01  Pylon  
  84  6:03  Probe  
  86  6:07  Probe  
  86  6:09  Stalker x3  
  93  6:17  Protoss Ground Armor Level 1  
  93  6:19  Nexus  
  93  6:28  Pylon  
  93  6:30  Pylon  
  93  6:32  Probe x3  
  96  6:35  Stalker x3  
  96  6:36  Stalker  
  104  6:46  Charge (Chrono Boost), Stalker x2  
  108  6:49  Robotics Facility  
  108  6:54  Photon Cannon  
  108  6:55  Probe x3  
  108  6:57  Shield Battery  
  108  7:00  Stalker x2  
  115  7:01  Stalker  
  117  7:11  Zealot x3  
  117  7:13  Oracle  
  117  7:14  Probe  
  106  7:18  Probe (Chrono Boost)  
  106  7:21  Probe (Chrono Boost)  
  108  7:26  Probe (Chrono Boost)  
  109  7:31  Probe (Chrono Boost)  
  109  7:32  Probe (Chrono Boost)  
  109  7:34  Probe (Chrono Boost)  
  113  7:37  Photon Cannon, Probe (Chrono Boost)  
  113  7:39  Observer, Shield Battery  
  113  7:40  Probe (Chrono Boost)  
  113  7:41  Probe (Chrono Boost)  
  113  7:42  Probe (Chrono Boost)  
  113  7:43  Probe (Chrono Boost)  
  118  7:44  Zealot x2  
  118  7:45  Probe (Chrono Boost)  
  118  7:46  Probe (Chrono Boost)  
  120  8:03  Probe x2  
  118  8:07  Zealot x5  
  118  8:08  Zealot  
  122  8:14  Probe  
  122  8:17  Gateway  
  122  8:18  Gateway  
  120  8:28  Probe  
  120  8:29  Zealot x6  
  120  8:34  Probe x3  
  125  8:46  Assimilator  
Tags
 
Add a new tag
Caveats
  • Supply blocks, unpowered buildings, or Contaminate may cause inaccurate times.
  • Supply counts are checked every 10 seconds.